 Dungeon Crawl Stone Soup version 0.26-a0-707-g31817bcca1 (webtiles) character file.

Game seed: 3644428395566790542

2 Descartes the Sneak (level 1, -2/10 HPs)
             Began as a Felid Delver on Oct 26, 2020.
             Was an Initiate of Dithmenos.
             Slain by a hound (4 damage)
             ... on level 4 of the Dungeon.
             The game lasted 00:00:42 (63 turns).

Descartes the Sneak (Felid Delver)                    Turns: 63, Time: 00:00:42

Health: -2/10      AC:  1    Str:  8    XL:     1   Next: 25%
Magic:  2/2        EV: 18    Int: 11    God:    Dithmenos [......]
Gold:   0          SH:  0    Dex: 17    Spells: 0/0 levels left
                                        Lives:  0   Deaths: 0

rFire    . . .     SeeInvis +     - Unarmed
rCold    . . .     Faith    .   (shield unavailable)
rNeg     . . .     Spirit   .   (armour unavailable)
rPois    .         Reflect  .   (helmet unavailable)
rElec    .         Harm     .   (cloak unavailable)
rCorr    .         Rampage  .   (gloves unavailable)
MR       .....                  (boots unavailable)
Stlth    ++++......             (no amulet)
HPRegen  0.03/turn              (no ring)
MPRegen  0.08/turn              (no ring)

@: quick
A: very small, no armour, no weapons or thrown items, stealth, claws 1, fangs 3,
see invisible, speed 1, shaggy fur 1, sharp paws
a: Renounce Religion


You were on level 4 of the Dungeon.
You worshipped Dithmenos.
Dithmenos was noncommittal.
You visited 1 branch of the dungeon, and saw 2 of its levels.

Inventory:

Wands
 b - a wand of polymorph (9)
 e - a wand of digging (3)
Scrolls
 a - a scroll of fog
 c - a scroll of fear
Potions
 d - a potion of haste


   Skills:
 - Level 3.0 Fighting
 - Level 2.6 Dodging
 + Level 6.7 Stealth
 - Level 2.0 Unarmed Combat


You couldn't memorise any spells.
You didn't know any spells.
Your spell library was empty.

Dungeon Overview and Level Annotations

Branches:
Dungeon (5/15)
 Temple: D:4-7

Altars:
Dithmenos
Ru
The Shining One


Innate Abilities, Weirdness & Mutations

You cannot wear armour.
You are incapable of wielding weapons or throwing items.
Your paws allow you to move quietly. (Stealth)
You have sharp claws.
You have razor-sharp teeth.
You have supernaturally acute eyesight. (SInv)
You cover ground quickly.
You are covered in fur. (AC +1)
Your sharp claws are effective at attacking unaware monsters.


Message History

The hound completely misses you. The orc hits you with a +0 club.
The hound misses you.
You scratch the orc but do no damage.
The orc is almost dead.
The orc barely misses you. The hound bites you.
Ouch! That really hurt!
* * * LOW HITPOINT WARNING * * *
You scratch the orc but do no damage.
The orc is almost dead.
The hound misses you. The orc barely misses you.
You closely miss the orc. Your bite misses the orc.
The orc is almost dead.
The hound closely misses you. The hound completely misses you.
The orc misses you.
You scratch the orc.
You kill the orc!
Dithmenos accepts your kill. The hound misses you. The hound bites you.
You die...

***,** ******,** *,* ,,,,,*
*,,,....# *,* ,***,*
*,*##...#* *,* ,*,*,*
*,**.....* *,*
,*,*,*****,**#...#********,*
,,,*,,,,*,,*##....,,,,,,,,,*
∩,,*,,,,,,,,,....#**********
****,,*>*,,***#..#
,,,,,,,,*#.####h@#
,,,,,,***#.......### *******
##........# #.###.##.####
#,#.Z.......#
********,#.#.##.##.#
*,,,,,,,.....*#.##.#
*,*****#.#.#.*#.##.# *,*
#.Z,.....##.########


You could see a hound and a leopard gecko skeleton.

Vanquished Creatures
  An orc (D:4)
1 creature vanquished.

Notes
Turn   | Place    | Note
-------+----------+-------------------------------------------
     0 | D:5      | Descartes the Felid Delver began the quest for the Orb.
     0 | D:5      | Reached XP level 1. HP: 10/10 MP: 2/2
    24 | D:4      | Found a sacrificial altar of Ru.
    24 | D:4      | Found a glowing golden altar of the Shining One.
    26 | D:4      | Found a shadowy altar of Dithmenos.
    30 | D:4      | Became a worshipper of Dithmenos the Shadowed
    53 | D:4      | Noticed a hound
    63 | D:4      | Slain by a hound

Illustrated notes

Levels and vault maps discovered:
D:4:      layout_loops_corners, chequers_temple_overflow_statue_of_worship,
          enter_ossuary_4, serial_shops, shop_fountains, uniq_eustachio
D:5:      layout_rooms, elyvilon_altar_4, serial_shops, nicolae_shop_trees,
          lemuel_altar_in_water

Action                   || total
-------------------------++-------
Melee: Unarmed           ||     7
  Use: Scroll            ||     1
Dodge: Dodged            ||    12

Table legend: (Time is in decaauts)
 A = Elapsed time spent in this place.
 B = Non-inter-level travel time spent in this place.
 C = Inter-level travel time spent in this place.
 D = Time resting spent in this place.
 E = Time spent auto-exploring this place.
 F = Levels seen in this place.
 G = Mean time per level.
                   A        B        C        D        E       F      G
               +--------+--------+--------+--------+--------+-----+--------+
         Total |     52 |     52 |      0 |      0 |      0 |   2 |   26.0 |
       Dungeon |     52 |     52 |      0 |      0 |      0 |   2 |   26.0 |
               +--------+--------+--------+--------+--------+-----+--------+

Top non-repeatable levels by time:
     D:4: 48 daAuts
     D:5: 4 daAuts
